 Dungeon Crawl Stone Soup version 0.30-a0-140-gd1020e658a (webtiles) character file.

Game seed: 13531505656406331868

64 qw the Chopper (level 4, 0/28 HPs)
             Began as a Gargoyle Fighter on Sept 24, 2022.
             Slain by Sigmund
             ... wielding a +0 scythe
              (8 damage)
             ... on level 2 of the Dungeon.
             The game lasted 00:00:40 (1841 turns).

qw the Chopper (Gargoyle Fighter)                   Turns: 1841, Time: 00:00:41

Health: 0/28       AC: 10    Str: 22    XL:     4   Next: 12%
Magic:  4/4        EV:  9    Int:  8    God:
Gold:   100        SH:  4    Dex:  9    Spells: 3/3 levels left

rFire   . . .      SeeInvis .    Y - +0 war axe
rCold   . . .      Faith    .    c - +0 buckler
rNeg    + . .      Spirit   .    b - +0 scale mail
rPois   inf        Reflect  .    (no helmet)
rElec   +          Harm     .    (no cloak)
rCorr   .          Rampage  .    (no gloves)
Will    .....                    (no boots)
Stlth   ..........               (no amulet)
HPRegen 0.09/turn                (no ring)
MPRegen 0.09/turn                (no ring)

@: no status effects
A: sickness immunity, AC +3, negative energy resistance 1, electricity
resistance, torment resistance 1, petrification resistance
a: no special abilities


You were on level 2 of the Dungeon.
You visited 1 branch of the dungeon, and saw 2 of its levels.

You collected 100 gold pieces.


Innate Abilities, Weirdness & Mutations

You are immune to sickness and miasma.
Your stone body is resilient. (AC +3)
You are immune to poison.
You resist negative energy. (rN+)
You are resistant to electric shocks. (rElec)
You are resistant to unholy torment.
You are immune to petrification.


   Skills:
 - Level 3.2 Fighting
 + Level 3.9 Axes
 - Level 3.2 Armour
 - Level 3.2 Shields


You had 3 spell levels left.
You didn't know any spells.
Your spell library was empty.

Inventory:

Hand Weapons
 h - a +0 club
 Y - a +0 war axe (weapon)
Armour
 b - a +0 scale mail (worn)
 c - a +0 buckler (worn)
 j - the +0 scale mail "Xoxutt" {+Blink Dex+4}
   (You found it on level 2 of the Dungeon)

   Dex:       It affects your dexterity (+4).
   +Blink:    It lets you blink.
Scrolls
 a - a scroll of teleportation
 e - a scroll of poison {unknown}
Potions
 d - a potion of might
 f - a potion of degeneration {unknown}
 g - a potion of curing {unknown}
 i - a potion of brilliance {unknown}
 p - a potion of invisibility {unknown}

Dungeon Overview and Level Annotations

Branches:
Dungeon (2/15)

Altars:

Annotations:
D:2 Sigmund


Message History

The magic dart hits you!
You swing at nothing.
A magic dart appears from out of thin air!
The magic dart hits you but does no damage.
You swing at nothing.
You swing at nothing.
You are confused.
You're too confused to attack without stumbling around!
You start resting.
Something hits you but does no damage.
You're too confused to attack without stumbling around!
You start resting.
Something hits you!
You're too confused to attack without stumbling around!
You start resting.
Something hits you.
You're too confused to attack without stumbling around!
You start resting.
You feel less confused. Something hits you but does no damage.
You swing at nothing.
Something hits you but does no damage.
You swing at nothing.
A magic dart appears from out of thin air!
The magic dart hits you.
You swing at nothing.
Something hits you.
You swing at nothing.
Something hits you.
You swing at nothing.
You swing at nothing.
Something completely misses you.
You swing at nothing.
Something hits you but does no damage.
You swing at nothing.
You hear some strange, mumbled words.
Something tries to affect you, but you resist.
You swing at nothing.
Something hits you!
You die...

#.# #.# #.# #.#
#.# ### ### (#
## #.. ..# .#
#.# #.######.###
.# #.#
#.##@.{>.... .#
#.#
###.##.#.....#
##### #.#
#......# ...##
~~~~###.#
#.#.#### .##
......#.###.#.#
#
~~~~#.......#.##
#####).........#
#.#..###.##.#
#.#..# #.##.#


There were no monsters in sight!

Vanquished Creatures
  2 adders (D:2)
  A worm (D:2)
  2 dart slugs
  4 endoplasms
  5 giant cockroaches
  A goblin (D:1)
  2 hobgoblins
  4 jackals (D:1)
  7 kobolds
  2 ball pythons
  3 frilled lizards
  3 rats
36 creatures vanquished.

Notes
Turn   | Place    | Note
-------+----------+-------------------------------------------
     0 | D:1      | qw the Gargoyle Fighter began the quest for the Orb.
     0 | D:1      | Reached XP level 1. HP: 14/14 MP: 1/1
     0 | D:1      | 0 ||| qw: Version: 0.1.0-9-gbc19398
     0 | D:1      | 0 ||| qw: Game counter: 44
     0 | D:1      | 0 ||| qw: Always use a shield: true
     0 | D:1      | 0 ||| qw: God list: Okawaru
     0 | D:1      | 0 ||| qw: Allow faded altars: false
     0 | D:1      | 0 ||| qw: Do Orc after D:15 true
     0 | D:1      | 0 ||| qw: Do second Lair branch before Depths: true
     0 | D:1      | 0 ||| qw: Lair rune preference: random
     0 | D:1      | 0 ||| qw: Plans: Normal, Zot:1-4, God:TSO, Crypt, Tomb,
                  | Pan, Slime:5, Hells, Abyss, Orb
     0 | D:1      | 0 ||| PLANNING D:1-11
    12 | D:1      | Noticed a swamp drake
    12 | D:1      | Noticed a hog
    13 | D:1      | Noticed a swamp worm
    13 | D:1      | Noticed a salamander
    69 | D:1      | 69 ||| Stepping ~*~*~tactically~*~*~ (hiding).
    81 | D:1      | Reached XP level 2. HP: 16/19 MP: 2/2
   410 | D:1      | Reached skill level 3 in Axes
   555 | D:1      | 555 ||| Stepping ~*~*~tactically~*~*~ (stealth).
   643 | D:1      | Reached XP level 3. HP: 23/23 MP: 3/3
   760 | D:1      | 760 ||| READING 2 scrolls labelled WIENIO DIYCE.
   764 | D:1      | 764 ||| READING 3 scrolls labelled UZULAS FOWOU.
   765 | D:1      | 765 ||| READING 2 scrolls labelled YMEWAWN QYEKAYH.
   866 | D:1      | 866 ||| READING scroll labelled IGOREL DAIVO.
   867 | D:1      | 867 ||| READING scroll labelled JINTE ORGHE.
   868 | D:1      | 868 ||| READING scroll labelled ZADEUG SEAHEEJ.
   869 | D:1      | 869 ||| READING scroll labelled URIOGE IHODACW.
   870 | D:1      | 870 ||| READING scroll labelled RIMEL BIBLEMEKH.
   871 | D:1      | 871 ||| READING scroll labelled YVVUSI HU OLUOLL.
   872 | D:1      | 872 ||| DRINKING 2 inky potions.
   977 | D:1      | 977 ||| DROPPING 2 scrolls of vulnerability.
   978 | D:1      | 978 ||| DROPPING scroll of silence.
   979 | D:1      | 979 ||| DROPPING potion of berserk rage.
  1133 | D:2      | 1133 ||| Stepping ~*~*~tactically~*~*~ (stealth).
  1136 | D:2      | 1136 ||| Stepping ~*~*~tactically~*~*~ (stealth).
  1459 | D:2      | 1459 ||| Stepping ~*~*~tactically~*~*~ (stealth).
  1479 | D:2      | Reached XP level 4. HP: 18/28 MP: 4/4
  1735 | D:2      | Identified the +0 scale mail "Xoxutt" {+Blink Dex+4}
  1821 | D:2      | Noticed Sigmund
  1836 | D:2      | HP: 7/28 [something (1)]
  1841 | D:2      | Slain by Sigmund

Levels and vault maps discovered:
D:1:      onia_arrival_zoo_common, layout_basic
D:2:      layout_loops_corners, amcnicky_mini_rare_corridor_liquid,
          uniq_sigmund, uniq_terence

Skill      XL: |  1  2 |
---------------+-------+-----
Axes           | 2 3 |  3.9
Fighting       | |  3.2
Armour         | |  3.2
Shields        | |  3.2

Action                   |  1- 3 |  4- 6 || total
-------------------------+-------+-------++-------
Melee: War axe           |   109 |    10 ||   119
  Use: Scroll            |     9 |       ||     9
       Potion            |     1 |       ||     1
Armor: Scale mail        |    54 |     8 ||    62
Dodge: Dodged            |    44 |     6 ||    50
Block: Buckler           |    23 |     2 ||    25

Table legend:
 A = Non-vault XP
 B = Vault XP
 C = Vault XP percentage of total XP
 D = Non-vault monster count
 E = Vault monster count
 F = Vault count percentage of total count
                 A         B        C        D         E       F
            +---------+---------+-------+---------+---------+-------
      Total |      92 |       0 |   0.0 |      36 |       0 |   0.0
            +---------+---------+-------+---------+---------+-------
        D:1 |      40 |       0 |   0.0 |      22 |       0 |   0.0
        D:2 |      52 |       0 |   0.0 |      14 |       0 |   0.0
            +---------+---------+-------+---------+---------+-------
